 Dungeon Crawl Stone Soup version 0.26-a0-661-g406de6ba63 (webtiles) character file.

Game seed: 3637082396838390550

4 lunkers the Sneak (level 1, -6/14 HPs)
             Began as a Kobold Delver on Oct 8, 2020.
             Was a Follower of Uskayaw.
             Killed by divine providence
             ... invoked by an orc priest
              (14 damage)
             ... on level 5 of the Dungeon.
             The game lasted 00:01:08 (446 turns).

lunkers the Sneak (Kobold Delver)                    Turns: 446, Time: 00:01:09

Health: -6/14      AC:  3    Str:  9    XL:     1   Next: 66%
Magic:  1/1        EV: 14    Int: 11    God:    Uskayaw [*.....]
Gold:   43         SH:  0    Dex: 16    Spells: 0/0 levels left

rFire    . . .     SeeInvis .   a - +0 short sword
rCold    . . .     Faith    .   (shield restricted)
rNeg     . . .     Spirit   .   b - +0 leather armour
rPois    .         Reflect  .   (no helmet)
rElec    .         Harm     .   (no cloak)
rCorr    .         Rampage  .   (no gloves)
MR       .....                  (no boots)
Stlth    ++++......             (no amulet)
HPRegen  0.04/turn              (no ring)
MPRegen  0.07/turn              (no ring)

@: no status effects
A: small, nightstalker 3
a: Stomp, Renounce Religion


You were on level 5 of the Dungeon.
You worshipped Uskayaw.
Uskayaw was noncommittal.
You visited 2 branches of the dungeon, and saw 2 of its levels.

You collected 43 gold pieces.

Inventory:

Hand Weapons
 a - a +0 short sword (weapon)
Armour
 b - a +0 leather armour (worn)
Wands
 g - a wand of digging (3)
 i - a wand of flame (10)
Scrolls
 c - a scroll of fog
 d - a scroll of magic mapping
 e - a scroll of fear
Potions
 f - a potion of haste
 h - a potion of curing {unknown}


   Skills:
 - Level 3.2 Fighting
 + Level 3.0 Short Blades
 - Level 2.4 Dodging
 + Level 6.7 Stealth


You couldn't memorise any spells.
You didn't know any spells.
Your spell library was empty.

Dungeon Overview and Level Annotations

Branches:
Dungeon (5/15)             Temple (1/1) D:5

Altars:
Fedhas
Nemelex Xobeh
Ru
Trog
Uskayaw
Wu Jian
Xom
Yredelemnul
Zin
The Shining One


Innate Abilities, Weirdness & Mutations

You are small and have problems with some larger weapons.
You are completely attuned to the shadows.


Message History

Press: ? - help, Shift-Dir - straight line, f - orc priest
Aim: an orc priest, wielding a +0 hand axe of electrocution and wearing a +0 leather armour The puff of flame hits the orc priest.
The orc priest is lightly wounded.
Evoke which item? (* to show all) (? for menu, Esc to quit)
Aiming: Throw Flame
Press: ? - help, Shift-Dir - straight line, f/p - orc priest
Aim: an orc priest, wielding a +0 hand axe of electrocution and wearing a +0 leather armour (lightly wounded)
The puff of flame misses the orc priest.
The puff of flame misses the orc.
The orc priest closely misses you.
Evoke which item? (* to show all) (? for menu, Esc to quit)
Aiming: Throw Flame
Press: ? - help, Shift-Dir - straight line, f/p - orc priest
Aim: an orc priest, wielding a +0 hand axe of electrocution and wearing a +0 leather armour (lightly wounded)
The puff of flame hits the orc priest.
The orc priest is heavily wounded.
The orc priest calls down the wrath of Beogh upon you.
Beogh smites you!
Ouch! That really hurt!
You die...

.......#...#####.##..##
######..............##
###...........##
####.##....#.#.##
...#.....#.......
..........#.......
....>.......o####.
...........#o#
.......o...#@#
...........#..#
...........##... ..##
...


You could see an orc priest and an orc.

Vanquished Creatures
  2 orcs (D:5)
2 creatures vanquished.

Notes
Turn   | Place    | Note
-------+----------+-------------------------------------------
     0 | D:5      | lunkers the Kobold Delver began the quest for the Orb.
     0 | D:5      | Reached XP level 1. HP: 14/14 MP: 1/1
   202 | D:5      | Found a staircase to the Ecumenical Temple.
   211 | D:5      | Noticed an orc wizard
   217 | Temple   | Entered the Ecumenical Temple
   367 | Temple   | Became a worshipper of Uskayaw the Reveler
   443 | D:5      | Noticed an orc priest
   443 | D:5      | Reached * piety under Uskayaw
   446 | D:5      | Killed from afar by an orc priest

Illustrated notes

Levels and vault maps discovered:
D:5:      layout_rooms, old_standard_altar, temple_statues, serial_shops, shop
Temple:   jpeg_temple_alley_garden

Skill      XL: |  1 |
---------------+----+-----
Short Blades   | 3 |  3.0
Fighting       | |  3.2
Dodging        | |  2.4
Stealth        | |  6.7

Action                   || total
-------------------------++-------
Melee: Short sword       ||    11
Evoke: Wand              ||     3
Armor: Leather armour    ||     1
Dodge: Dodged            ||     6

Table legend: (Time is in decaauts)
 A = Elapsed time spent in this place.
 B = Non-inter-level travel time spent in this place.
 C = Inter-level travel time spent in this place.
 D = Time resting spent in this place.
 E = Time spent auto-exploring this place.
 F = Levels seen in this place.
 G = Mean time per level.
                   A        B        C        D        E       F      G
               +--------+--------+--------+--------+--------+-----+--------+
         Total |    446 |    408 |     38 |    155 |    179 |   2 |  223.0 |
       Dungeon |    258 |    257 |      1 |    155 |     46 |   1 |  258.0 |
        Temple |    187 |    150 |     37 |      0 |    133 |   1 |  187.0 |
               +--------+--------+--------+--------+--------+-----+--------+

Top non-repeatable levels by time:
     D:5: 258 daAuts
  Temple: 187 daAuts
